 Dungeon Crawl Stone Soup version 0.32-a0-540-g866d13106e (webtiles) character file.

Game seed: 8475139978053789180

30 zenocrate the Ruffian (level 3, 27/27 HPs)
             Began as a Demonspawn Gladiator on Feb 29, 2024.
             Quit the game on level 1 of the Dungeon.
             The game lasted 00:00:41 (933 turns).

zenocrate the Ruffian (Demonspawn Gladiator)         Turns: 933, Time: 00:00:41

Health: 27/27      AC:  5    Str: 16    XL:     3   Next: 3%
Magic:  3/3        EV: 12    Int: 14    God:
Gold:   28         SH:  0    Dex: 14    Spells: 2/2 levels left

rFire   . .          .
                       - Unarmed
rCold   . . .        (no shield)
rNeg    + . .        a - +0 leather armour
rPois   .            b - +0 helmet
rElec   .            j - +0 cloak
rCorr   .            (no gloves)
SInv    .            (no boots)
Will    .....        (no amulet)
Stlth   +            h - +6 ring of intelligence
HPRegen 0.24/turn    i - ring of positive energy
MPRegen 0.16/turn

%: no passive effects
@: no status effects
A: ignite blood 1, magic regeneration
a: no special abilities


You were on level 1 of the Dungeon.
You visited 1 branch of the dungeon, and saw 1 of its levels.

You collected 28 gold pieces.

Inventory:

Missiles
 c - 3 throwing nets (quivered)
 d - a javelin
Armour
 a - a +0 leather armour (worn)
 b - a +0 helmet (worn)
 j - a +0 cloak (worn)
Jewellery
 h - a +6 ring of intelligence (left hand)
 i - a ring of positive energy (right hand)
Scrolls
 e - 2 scrolls of immolation {unknown}
 f - a scroll of fear {unknown}
Potions
 g - 2 potions of heal wounds {unknown}


   Skills:
 - Level 2.1 Fighting
 - Level 1.8 Throwing
 - Level 2.7 Dodging
 + Level 3.6 Unarmed Combat


You had 2 spell levels left.
You didn't know any spells.
Your spell library was empty.

Dungeon Overview and Level Annotations

Branches:
Dungeon (1/15)

Altars:


Innate Abilities, Weirdness & Mutations

Your demonic aura sometimes causes spilled blood to erupt in flames.
You regenerate magic rapidly.


Message History

A hobgoblin is nearby!
A hobgoblin is nearby!
You hit the hobgoblin but do no damage. The hobgoblin hits you.
You closely miss the hobgoblin. The hobgoblin misses you.
You hit the hobgoblin.
The hobgoblin is severely wounded.
The hobgoblin hits you.
A hobgoblin is nearby!
You hit the hobgoblin but do no damage.
The hobgoblin is severely wounded.
The hobgoblin hits you.
You hit the hobgoblin.
You kill the hobgoblin!
No target in view!
You see here a hobgoblin corpse.
No target in view!
Found a stone staircase leading down.
Key pressed, stopping explore.
No target in view!
You open the door.
There is an open door here.
Key pressed, stopping explore.
No target in view!
There is an open door here.
There is a stone staircase leading down here.
Done exploring.
No target in view!
Done exploring.
No target in view!
Done exploring.
No target in view!
Done exploring.
No target in view!
Done exploring.
Done exploring.
No target in view!
Done exploring.
No target in view!
Okay, then.
Are you sure you want to abandon this character and quit the game? (Confirm with "yes".)

.##.######
#.###.##.#.......##
# ###.#
#.....##.##.....##
#.#
###..###.###.†.##
#.# #......# ##'##
#.# #.###### #.# #.#
#.# #.# #.# #.#####
##.## #.#
#.....####...##
###.#
##.@...##.....######
....#
#..................
#####
#.....####.########
##...## ### #####


There were no monsters in sight!

Vanquished Creatures
  A dart slug (D:1)
  4 ball pythons (D:1)
  2 bats (D:1)
  3 endoplasms (D:1)
  3 goblins (D:1)
  3 hobgoblins (D:1)
  3 jackals (D:1)
  2 kobolds (D:1)
  A frilled lizard (D:1)
  A rat (D:1)
23 creatures vanquished.

Notes
Turn   | Place    | Note
-------+----------+-------------------------------------------
     0 | D:1      | zenocrate the Demonspawn Gladiator began the quest for the
                  | Orb.
     0 | D:1      | Reached XP level 1. HP: 16/16 MP: 1/1
    42 | D:1      | Reached skill level 3 in Unarmed Combat
    70 | D:1      | Gained mutation: Your demonic aura sometimes causes spilled
                  | blood to erupt in flames. [demonic ancestry]
    70 | D:1      | Reached XP level 2. HP: 18/22 MP: 2/2
   727 | D:1      | Gained mutation: You regenerate magic rapidly. [demonic
                  | ancestry]
   727 | D:1      | Reached XP level 3. HP: 23/27 MP: 3/3
   933 | D:1      | Quit the game

Illustrated notes

Levels and vault maps discovered:
D:1:      dpeg_arrival_stonehenge_12_columns, layout_loops_corners,
          hangedman_decor_push, chequers_serial_rivers_micro_b

Skill      XL: |  1 |
---------------+----+-----
Unarmed Combat | 3 |  3.6
Fighting       | |  2.1
Throwing       | |  1.8
Dodging        | |  2.7

Action                     || total
---------------------------++-------
  Melee: Unarmed           ||    89
         Punch             ||     1
 Armour: Leather armour    ||    51
  Dodge: Dodged            ||    58

Table legend: (Time is in decaauts)
 A = Elapsed time spent in this place.
 B = Non-inter-level travel time spent in this place.
 C = Inter-level travel time spent in this place.
 D = Time resting spent in this place.
 E = Time spent auto-exploring this place.
 F = Levels seen in this place.
 G = Mean time per level.
                   A        B        C        D        E       F      G
               +--------+--------+--------+--------+--------+-----+--------+
         Total |    926 |    926 |      0 |      0 |    752 |   1 |  926.0 |
       Dungeon |    926 |    926 |      0 |      0 |    752 |   1 |  926.0 |
               +--------+--------+--------+--------+--------+-----+--------+

Top non-repeatable levels by time:
     D:1: 926 daAuts
